 Dungeon Crawl Stone Soup version 0.21.1 (webtiles) character file.

65 InEffect the Charmwright (level 4, 34/38 HPs)
             Began as a Gnoll Skald on Jan 20, 2018.
             Quit the game on level 2 of the Dungeon on Feb 3, 2018.
             The game lasted 00:40:10 (1103 turns).

InEffect the Charmwright (Gnoll Skald)              Turns: 1103, Time: 00:40:10

Health: 34/38      AC:  3    Str: 14    XL:     4   Next: 13%
Magic:  11/11      EV: 14    Int: 16    God:
Gold:   103        SH:  0    Dex: 14    Spells: 12/13 levels left

rFire    . . .     SeeInvis .   a - +0 falchion
rCold    . . .     Gourm    .   (no shield)
rNeg     . . .     Faith    .   b - +0 leather armour
rPois    .         Spirit   .   (no helmet)
rElec    .         Reflect  .   (no cloak)
rCorr    .         Harm     .   (no gloves)
MR       .....                  (no boots)
Stlth    +.........             (no amulet)
HPRegen  0.12/turn              (no ring)
MPRegen  0.12/turn              (no ring)

@: no status effects
A: distributed training, fangs 1, strong nose
a: no special abilities


You were on level 2 of the Dungeon.
You were not hungry.

You visited 1 branch of the dungeon, and saw 2 of its levels.

You collected 103 gold pieces.

Inventory:

Hand Weapons
 a - a +0 falchion (weapon)
Armour
 b - a +0 leather armour (worn)
Scrolls
 e - a scroll of fog {unknown}
 g - a scroll of magic mapping {unknown}
 h - 2 scrolls of teleportation {unknown}
 i - 2 scrolls of identify {unknown}
 l - a scroll of blinking {unknown}
Potions
 f - a potion of heal wounds {unknown}
 k - a potion of curing {unknown}
 m - a potion of lignification {unknown}
Books
 c - a book of Battle

   Spells                             Type                      Level
   a - Infusion                       Charms                       1
   b - Shroud of Golubria             Charms/Translocation         2
   c - Song of Slaying                Charms                       2
   d - Spectral Weapon                Hexes/Charms                 3
   e - Regeneration                   Charms/Necromancy            3
Comestibles
 d - 3 rations
 j - 3 chunks of flesh


   Skills:
 + Level 4.6 Fighting
 + Level 1.0 Short Blades
 + Level 4.6 Long Blades
 + Level 1.0 Axes
 + Level 1.0 Maces & Flails
 + Level 1.0 Polearms
 + Level 1.0 Staves
 + Level 1.0 Slings
 + Level 1.0 Bows
 + Level 1.0 Crossbows
 + Level 1.0 Throwing
 + Level 2.7 Armour
 + Level 4.6 Dodging
 + Level 1.0 Stealth
 + Level 1.0 Shields
 + Level 1.0 Unarmed Combat
 + Level 5.0 Spellcasting
 + Level 0.7 Conjurations
 + Level 0.7 Hexes
 + Level 5.4 Charms
 + Level 0.7 Summonings
 + Level 0.7 Necromancy
 + Level 0.7 Translocations
 + Level 0.7 Transmutations
 + Level 0.7 Fire Magic
 + Level 0.7 Ice Magic
 + Level 0.7 Air Magic
 + Level 0.7 Earth Magic
 + Level 0.7 Poison Magic
 + Level 1.1 Invocations
 + Level 1.0 Evocations


You had 12 spell levels left.
You knew the following spells:

 Your Spells              Type           Power        Failure   Level  Hunger
a - Infusion              Chrm           ###.         1%          1    None


Dungeon Overview and Level Annotations

Branches:
Dungeon (2/15)

Altars:
Vehumet


Innate Abilities, Weirdness & Mutations

Your experience applies equally to all skills.
You have very sharp teeth.
Your uncanny sense of smell can sniff out nearby items.


Message History

You now have 103 gold pieces (gained 9).
There is an escape hatch in the ceiling here.
A kobold comes into view. It is wielding a short sword.
A kobold is nearby!
The kobold throws a stone.
The stone closely misses you. The kobold hits you with a short sword.
You hit the kobold.
The kobold is severely wounded.
The kobold closely misses you.
You hit the kobold but do no damage.
The kobold is severely wounded.
The kobold misses you.
You barely miss the kobold.
The kobold is severely wounded.
The kobold closely misses you.
You hit the kobold.
You kill the kobold!
Things that are here:
a short sword; a kobold corpse Are you sure you want to abandon this character and quit the game? (Confirm with "yes".)

#######.####..#.#..## .
......#.####......##
#####.#.......##.#.##
#.....#####.(.....#
#.#.#.# ###...##.#
#.#.#># #...# #.#...#
#...# ###.###.# #...#
........#### #.@.#
###.#......####...#######
###.#.#..................
.##.>....................
.##...#..................
...........##.......###.#
.....#..#.###.#...#.#
####.#.##.##......#.#
#.#.##.##..#...#.#


There were no monsters in sight!

Vanquished Creatures
  An adder (D:2)
  An ooze (D:1)
  A worm (D:2)
  3 dart slugs
  A leopard gecko (D:1)
  6 goblins
  3 hobgoblins
  5 jackals (D:1)
  5 bats
  4 frilled lizards
  7 kobolds
  4 rats
41 creatures vanquished.

Notes
Turn   | Place    | Note
-------+----------+-------------------------------------------
     0 | D:1      | InEffect the Gnoll Skald began the quest for the Orb.
     0 | D:1      | Reached XP level 1. HP: 20/20 MP: 6/6
   111 | D:1      | Reached XP level 2. HP: 14/26 MP: 7/7
   448 | D:1      | Reached XP level 3. HP: 28/31 MP: 9/9
   455 | D:1      | Reached skill level 5 in Spellcasting
   837 | D:2      | Reached skill level 1 in Invocations
  1019 | D:2      | Found a radiant altar of Vehumet.
  1026 | D:2      | Upgraded the game from 0.21.0-24-g2553a3340b to 0.21.1
  1046 | D:2      | Reached skill level 1 in Short Blades
  1046 | D:2      | Reached skill level 1 in Axes
  1046 | D:2      | Reached skill level 1 in Maces & Flails
  1046 | D:2      | Reached skill level 1 in Polearms
  1046 | D:2      | Reached skill level 1 in Staves
  1046 | D:2      | Reached skill level 1 in Slings
  1046 | D:2      | Reached skill level 1 in Bows
  1046 | D:2      | Reached skill level 1 in Crossbows
  1046 | D:2      | Reached skill level 1 in Throwing
  1046 | D:2      | Reached skill level 1 in Stealth
  1046 | D:2      | Reached skill level 1 in Shields
  1046 | D:2      | Reached skill level 1 in Unarmed Combat
  1046 | D:2      | Reached skill level 1 in Evocations
  1052 | D:2      | Reached XP level 4. HP: 35/38 MP: 11/11
  1103 | D:2      | Quit the game

Skill      XL: |  1  2  3 |
---------------+----------+-----
Spellcasting   | 5 |  5.0
Invocations    | 1 |  1.1
Short Blades   | 1 |  1.0
Axes           | 1 |  1.0
Maces & Flails | 1 |  1.0
Polearms       | 1 |  1.0
Staves         | 1 |  1.0
Slings         | 1 |  1.0
Bows           | 1 |  1.0
Crossbows      | 1 |  1.0
Throwing       | 1 |  1.0
Stealth        | 1 |  1.0
Shields        | 1 |  1.0
Unarmed Combat | 1 |  1.0
Evocations     | 1 |  1.0
Fighting       | |  4.6
Long Blades    | |  4.6
Armour         | |  2.7
Dodging        | |  4.6
Conjurations   | |  0.7
Hexes          | |  0.7
Charms         | |  5.4
Summonings     | |  0.7
Necromancy     | |  0.7
Translocations | |  0.7
Transmutations | |  0.7
Fire Magic     | |  0.7
Ice Magic      | |  0.7
Air Magic      | |  0.7
Earth Magic    | |  0.7
Poison Magic   | |  0.7

Action                   |  1- 3 |  4- 6 || total
-------------------------+-------+-------++-------
Melee: Falchion          |    91 |     4 ||    95
       Bite              |    11 |       ||    11
 Cast: Infusion          |     3 |       ||     3
  Eat: Chunk             |     1 |       ||     1
Armor: Leather armour    |    17 |       ||    17
Dodge: Dodged            |    79 |     4 ||    83
       Rpst.: Falchion   |    24 |       ||    24
